 Dungeon Crawl Stone Soup version 0.18-a0-1211-g828307d (webtiles) character file.

45 Duffy the Conjurer (level 3, 0/17 HPs)
             Began as a Deep Elf Fire Elementalist on Feb 2, 2016.
             Succumbed to an adder's poison
             ... on level 2 of the Dungeon.
             The game lasted 00:01:31 (1360 turns).

Duffy the Conjurer (Deep Elf Fire Elementalist)     Turns: 1360, Time: 00:01:31

Health: 0/17       AC:  2    Str:  5    XL:     3   Next: 42%
Magic:  4/9        EV: 13    Int: 20    God:
Gold:   34         SH:  0    Dex: 15    Spells: 1 memorised, 7 levels left

rFire  + . .     SeeInvis .     e - scroll of immolation {unknown}
rCold  + . .     Gourm    .     a - +0 robe
rNeg   . . .     Faith    .     (no shield)
rPois  +         Spirit   .     (no helmet)
rElec  +         Dismiss  .     (no cloak)
rCorr  +         Reflect  .     (no gloves)
SustAt .         Harm     .     (no boots)
MR     +....                    (no amulet)
Stlth  ++........               (no ring)
                                n - ring of flight

@: lethally poisoned (0 -> -2), resistant, somewhat resistant to hostile
enchantments, unstealthy
A: frail 1, magic resistance 1
a: Evoke Flight


You were on level 2 of the Dungeon.
You were not hungry.

You visited 1 branch of the dungeon, and saw 2 of its levels.

You collected 34 gold pieces.


Innate Abilities, Weirdness & Mutations

You are frail (-10% HP).
You are resistant to hostile enchantments.


   Skills:
 - Level 2.4 Dodging
 - Level 2.4 Stealth
 - Level 3.0 Spellcasting
 + Level 3.7 Conjurations
 - Level 3.2 Fire Magic


You had 7 spell levels left.
You knew the following spells:

 Your Spells              Type           Power        Failure   Level  Hunger
a - Flame Tongue          Conj/Fire      ###..        3%          1    None

Inventory:

Armour
 a - a +0 robe (worn)
Jewellery
 n - a ring of flight (left hand)
Scrolls
 e - a scroll of immolation (in hand) {unknown}
 f - a scroll of enchant weapon {unknown}
 h - 2 scrolls of remove curse {unknown}
 j - a scroll of random uselessness {unknown}
 l - a scroll of teleportation {unknown}
Books
 b - a book of Flames
Comestibles
 c - a bread ration
 d - 2 meat rations
 g - a slice of pizza
 k - a chunk of flesh

Dungeon Overview and Level Annotations

Branches:
Dungeon (2/15)

Altars:


Message History

Aim: an adder (almost dead)
The flame tongue misses the adder.
You feel sick. The adder closely misses you.
Cast which spell? (? or * to list)
Aiming: Flame Tongue
Press: ? - help, Shift-Dir - straight line, f/p - adder
Aim: an adder (almost dead)
The flame tongue hits the adder.
You kill the adder!
You feel sick.
There is a lethal amount of poison in your body!
Drink which item? (? for menu, Esc to quit)
It was a potion of mutation.
You feel extremely strange.
You feel frail.
You feel resistant to hostile enchantments.
Drink which item? (? for menu, Esc to quit)
It was a potion of resistance.
You feel protected.
You feel sick.
There is a lethal amount of poison in your body!
Wield which item (- for none, * to show all)? (? for menu, Esc to quit)
e - a scroll labeled TAK KOUSHIM (in hand)
You swing at nothing.
You feel sick.
You swing at nothing.
You feel sick.
You swing at nothing.
You swing at nothing.
You feel sick.
You swing at nothing.
You feel sick.
You swing at nothing.
You swing at nothing.
You swing at nothing.
You feel sick.
You swing at nothing.
You swing at nothing.
You feel sick.
You swing at nothing.
You swing at nothing.
You swing at nothing.
You die...

###.##########.#
###.######...#.#
.........#...#.#
.........'.....#
####.###.#....[#
#...#.#.....#
##.<#.#.....#
#..#.####.%#######
#..#.#......@....#
##.#.##.#.$####.....
.......#..# ...
#...## #..# . #...
#..# #... #..# #..#
#..


There were no monsters in sight!

Action                   || total
-------------------------++-------
 Cast: Flame Tongue      ||    58
  Use: Potion            ||     2
  Eat: Chunk             ||     1

Notes
Turn   | Place    | Note
--------------------------------------------------------------
     0 | D:1      | Duffy the Deep Elf Fire Elementalist began the quest for the Orb.
     0 | D:1      | Reached XP level 1. HP: 10/10 MP: 6/6
   116 | D:1      | Reached skill level 2 in Conjurations
   212 | D:1      | Reached XP level 2. HP: 15/15 MP: 4/8
   572 | D:1      | Reached skill level 3 in Conjurations
   900 | D:1      | Reached XP level 3. HP: 19/19 MP: 6/9
  1345 | D:2      | Gained mutation: You are frail (-10% HP). [potion of mutation]
  1345 | D:2      | Gained mutation: You are resistant to hostile enchantments. [potion of mutation]
  1360 | D:2      | Succumbed to an adder's poison

Vault maps used:
D:1:      minmay_arrival_hallway
D:2:      first_bread

Vanquished Creatures
  An adder
  A ball python
  A bat
  4 giant cockroaches
  6 goblins
  8 hobgoblins
  2 quokkas
  A giant newt
  4 kobolds
  4 rats
32 creatures vanquished.
